PL
TOLEDO TITANS @ BUCKHEAD BOWTIES
06/09/2020
 
TOP OF THE 1ST
Toledo Titans batting - Pitching for Buckhead Bowties : LHP Chester Henry
Pitching: LHP Chester Henry
Batting: LHB Michael Greene 0-0: Ball
1-0: Ball
2-0: Ball
3-0: Base on Balls
Batting: LHB Héctor Cortéz 0-0: Ground out 4-3 (Groundball, 4M)
Michael Greene to second
Batting: LHB Michael Neely 0-0: Ball
1-0: Ball
2-0: SINGLE (Groundball, 56)
Michael Greene to third
Batting: RHB Enrique Pérez 0-0: Called Strike
0-1: Ball
1-1: Ball
2-1: Grounds into double play, U6-3 (Groundball, 6)
Top of the 1st over - 0 run(s), 1 hit(s), 0 error(s), 1 left on base; Toledo 0 - Buckhead 0
BOTTOM OF THE 1ST
Buckhead Bowties batting - Pitching for Toledo Titans : RHP Devin Hinton
Pitching: RHP Devin Hinton
Batting: RHB Dave King 0-0: Called Strike
0-1: Ball
1-1: Ball
2-1: Ground out 5-3 (Groundball, 56S)
Batting: LHB Neil Lawson 0-0: Called Strike
0-1: Foul Ball, location: 2F
0-2: Ball
1-2: DOUBLE (Line Drive, 8RM)
Batting: RHB John Downing 0-0: Ball
1-0: Called Strike
1-1: Foul Ball, location: 2F
1-2: Foul Ball, location: 2F
1-2: SINGLE (Groundball, 6MD)
Neil Lawson to third
Runner from 3rd tries for Home, SAFE, throw made home
John Downing to second
Batting: LHB Kenneth Chapman 0-0: Ground out U3 (Groundball, 3)
John Downing to third
Batting: LHB Tony Martínez 0-0: Ball
1-0: Reached on error, E1 (Groundball, 34S)
John Downing scores
Batting: RHB Pedro Morales 0-0: Swinging Strike
0-1: DOUBLE (Groundball, 5L)
Tony Martínez scores
Batting: RHB Domingo García 0-0: Ball
1-0: Called Strike
1-1: Ball
2-1: Swinging Strike
2-2: SINGLE (Line Drive, 6M)
Pedro Morales to third
Runner from 3rd tries for Home, SAFE, no throw or cutoff
Batting: RHB Daniel Rose 0-0: Called Strike
0-1: Ball
1-1: Ground out 4-3 (Groundball, 4)
Bottom of the 1st over - 4 run(s), 4 hit(s), 1 error(s), 1 left on base; Toledo 0 - Buckhead 4
TOP OF THE 2ND
Toledo Titans batting - Pitching for Buckhead Bowties : LHP Chester Henry
Batting: LHB Iván Gonzáles 0-0: Ball
1-0: Ball
2-0: Called Strike
2-1: Swinging Strike
2-2: Foul Ball, location: 2F
2-2: Fly out, F8 (Flyball, 8LD)
Batting: LHB David Martínez 0-0: Ball
1-0: Ball
2-0: Ball
3-0: Called Strike
3-1: Foul Ball, location: 2F
3-2: Foul Ball, location: 2F
3-2: SINGLE (Groundball, 15) (infield hit)
Batting: RHB Brad Brown 0-0: Swinging Strike
0-1: Swinging Strike
0-2: Ball
1-2: Foul Ball, location: 2F
1-2: Ball
2-2: Strikes out swinging
Batting: RHB Francisco Gonzáles 0-0: Swinging Strike
0-1: Called Strike
0-2: Strikes out swinging
Top of the 2nd over - 0 run(s), 1 hit(s), 0 error(s), 1 left on base; Toledo 0 - Buckhead 4
BOTTOM OF THE 2ND
Buckhead Bowties batting - Pitching for Toledo Titans : RHP Devin Hinton
Batting: LHB Chester Henry 0-0: Ball
1-0: Ground out U3 (Groundball, 3L)
Batting: RHB Dave King 0-0: Foul Ball, location: 2F
0-1: Swinging Strike
0-2: Ball
1-2: Ball
2-2: SINGLE (Groundball, 34)
Batting: LHB Neil Lawson 0-0: Ball
1-0: Foul Ball, location: 2F
1-1: Fly out, F8 (Flyball, 8LXD)
Batting: RHB John Downing 0-0: Foul Ball, location: 2F
0-1: Ball
1-1: Foul Ball, location: 2F
1-2: Ball
2-2: Ground out 6-3 (Groundball, 6)
Bottom of the 2nd over - 0 run(s), 1 hit(s), 0 error(s), 1 left on base; Toledo 0 - Buckhead 4
TOP OF THE 3RD
Toledo Titans batting - Pitching for Buckhead Bowties : LHP Chester Henry
Batting: RHB Devin Hinton 0-0: Ball
1-0: Called Strike
1-1: Called Strike
1-2: Foul Ball, location: 2F
1-2: Ground out 6-3 (Groundball, 6)
Batting: LHB Michael Greene 0-0: DOUBLE (Line Drive, 9LM)
Batting: LHB Héctor Cortéz 0-0: Ball
1-0: DOUBLE (Line Drive, 7LS)
Michael Greene scores
Batting: LHB Michael Neely 0-0: Called Strike
0-1: Ball
1-1: Swinging Strike
1-2: Ball
2-2: Ball
3-2: SINGLE (Flyball, 89S)
Héctor Cortéz to third
Batting: RHB Enrique Pérez 0-0: Ball
1-0: Swinging Strike
1-1: Foul Ball, location: 2F
1-2: Ball
2-2: Ball
3-2: Fly out, F7 (Flyball, 7S)
Runner from 3rd tags up, SCORES, throw made
Batting: LHB Iván Gonzáles 0-0: Called Strike
0-1: Ball
1-1: Swinging Strike
1-2: Strikes out looking
Top of the 3rd over - 2 run(s), 3 hit(s), 0 error(s), 1 left on base; Toledo 2 - Buckhead 4
BOTTOM OF THE 3RD
Buckhead Bowties batting - Pitching for Toledo Titans : RHP Devin Hinton
Batting: LHB Kenneth Chapman 0-0: Called Strike
0-1: Ball
1-1: Ball
2-1: Called Strike
2-2: Foul Ball, location: 2F
2-2: Foul Ball, location: 2F
2-2: SINGLE (Groundball, 4M)
Batting: LHB Tony Martínez 0-0: SINGLE (Groundball, 34D)
Kenneth Chapman to second
Runner from 2nd tries for 3rd, SAFE, throw made to third
Batting: RHB Pedro Morales 0-0: Ball
1-0: Called Strike
1-1: Ball
2-1: Called Strike
2-2: Strikes out swinging
Batting: RHB Domingo García 0-0: Called Strike
0-1: Ball
1-1: Ball
2-1: SINGLE (Flyball, 4D)
Kenneth Chapman scores
Tony Martínez to second
Batting: RHB Daniel Rose 0-0: Ball
1-0: Called Strike
1-1: Grounds into double play, 4-6-3 (Groundball, 4)
Bottom of the 3rd over - 1 run(s), 3 hit(s), 0 error(s), 1 left on base; Toledo 2 - Buckhead 5
TOP OF THE 4TH
Toledo Titans batting - Pitching for Buckhead Bowties : LHP Chester Henry
Batting: LHB David Martínez 0-0: Ball
1-0: Foul Ball, location: 2F
1-1: Swinging Strike
1-2: Foul Ball, location: 2F
1-2: Foul Ball, location: 2F
1-2: Ball
2-2: Ball
3-2: Strikes out looking
Batting: RHB Brad Brown 0-0: Ball
1-0: SINGLE (Line Drive, 6D)
Batting: RHB Francisco Gonzáles 0-0: Called Strike
0-1: Ball
1-1: Ball
2-1: Fielders Choice at 2nd, 5-4 (Groundball, 56)
Batting: RHB Devin Hinton 0-0: Called Strike
0-1: Foul Ball, location: 2F
0-2: Ball
1-2: Strikes out swinging
Top of the 4th over - 0 run(s), 1 hit(s), 0 error(s), 1 left on base; Toledo 2 - Buckhead 5
BOTTOM OF THE 4TH
Buckhead Bowties batting - Pitching for Toledo Titans : RHP Devin Hinton
Batting: LHB Chester Henry 0-0: Fly out, F7 (Flyball, 7D)
Batting: RHB Dave King 0-0: Called Strike
0-1: Ground out 4-3 (Groundball, 4M)
Batting: LHB Neil Lawson 0-0: Ball
1-0: Ball
2-0: Ground out 5-3 (Groundball, 5)
Bottom of the 4th over - 0 run(s), 0 hit(s), 0 error(s), 0 left on base; Toledo 2 - Buckhead 5
TOP OF THE 5TH
Toledo Titans batting - Pitching for Buckhead Bowties : LHP Chester Henry
Batting: LHB Michael Greene 0-0: Ball
1-0: Foul Ball, location: 2F
1-1: Ball
2-1: SINGLE (Line Drive, 56)
Batting: LHB Héctor Cortéz 0-0: Foul Ball, location: 2F
0-1: Reached on error, E5 (Groundball, 5L)
Michael Greene to third
Batting: LHB Michael Neely 0-0: Foul Ball, location: 2F
0-1: Ball
1-1: Ground out 4-3 (Groundball, 34)
Michael Greene scores
Héctor Cortéz to third
Batting: RHB Enrique Pérez 0-0: Ball
1-0: Foul Ball, location: 2F
1-1: SINGLE (Groundball, 13) (infield hit)
Héctor Cortéz scores
Batting: LHB Iván Gonzáles 0-0: Ball
1-0: Ball
2-0: Fielders Choice at 2nd, 3-6 (Groundball, 3)
Batting: LHB David Martínez 0-0: Ball
1-0: Foul Ball, location: 2F
1-1: Ball
2-1: Ball
3-1: SINGLE (Groundball, 25) (infield hit)
Iván Gonzáles to second
Batting: RHB Brad Brown 0-0: Ball
1-0: Ball
2-0: Ground out 5-3 (Groundball, 56)
Top of the 5th over - 2 run(s), 3 hit(s), 1 error(s), 2 left on base; Toledo 4 - Buckhead 5
BOTTOM OF THE 5TH
Buckhead Bowties batting - Pitching for Toledo Titans : RHP Devin Hinton
Batting: RHB John Downing 0-0: Called Strike
0-1: Called Strike
0-2: Strikes out swinging
Batting: LHB Kenneth Chapman 0-0: Called Strike
0-1: Ball
1-1: Ball
2-1: Ball
3-1: Base on Balls
Batting: LHB Tony Martínez 0-0: Called Strike
0-1: Fly out, F9 (Line Drive, 9D)
Batting: RHB Pedro Morales 0-0: Ball
1-0: Ground out 5-3 (Groundball, 5)
Bottom of the 5th over - 0 run(s), 0 hit(s), 0 error(s), 1 left on base; Toledo 4 - Buckhead 5
TOP OF THE 6TH
Toledo Titans batting - Pitching for Buckhead Bowties : LHP Chester Henry
Batting: RHB Francisco Gonzáles 0-0: Ball
1-0: Foul Ball, location: 2F
1-1: Ball
2-1: Foul Ball, location: 2F
2-2: Foul Ball, location: 2F
2-2: Strikes out swinging
Batting: RHB Devin Hinton 0-0: Foul Ball, location: 2F
0-1: SINGLE (Groundball, 23) (infield hit)
Pinch Runner at 1st Steve Ferguson:
Batting: LHB Michael Greene 0-0: Called Strike
0-1: Ball
1-1: Foul Ball, location: 2F
1-2: Foul Ball, location: 2F
1-2: Foul Ball, location: 2F
1-2: SINGLE (Groundball, 34D)
Steve Ferguson to second
Runner from 2nd tries for 3rd, OUT!
Michael Greene to second
Batting: LHB Héctor Cortéz 0-0: Called Strike
0-1: Ball
1-1: Swinging Strike
1-2: Strikes out swinging
Top of the 6th over - 0 run(s), 2 hit(s), 0 error(s), 1 left on base; Toledo 4 - Buckhead 5
BOTTOM OF THE 6TH
Buckhead Bowties batting - Pitching for Toledo Titans : RHP Burt Booth
Pitching: RHP Burt Booth
Now at SS: Steve Ferguson
Batting: RHB Domingo García 0-0: Ball
1-0: Fly out, F9 (Flyball, 89S)
Batting: RHB Daniel Rose 0-0: Ball
1-0: Foul Ball, location: 2F
1-1: Ground out 2-3 (Groundball, 2L)
Batting: LHB Chester Henry 0-0: Called Strike
0-1: Ball
1-1: Foul Ball, location: 2F
1-2: Foul Ball, location: 2F
1-2: Ground out 3-1 (Groundball, 34)
Bottom of the 6th over - 0 run(s), 0 hit(s), 0 error(s), 0 left on base; Toledo 4 - Buckhead 5
TOP OF THE 7TH
Toledo Titans batting - Pitching for Buckhead Bowties : LHP Chester Henry
Batting: LHB Michael Neely 0-0: Called Strike
0-1: Ball
1-1: Called Strike
1-2: Strikes out looking
Batting: RHB Enrique Pérez 0-0: Ground out 5-3 (Groundball, 5S)
Batting: LHB Iván Gonzáles 0-0: Ball
1-0: Called Strike
1-1: Swinging Strike
1-2: Ground out U3 (Groundball, 3S)
Top of the 7th over - 0 run(s), 0 hit(s), 0 error(s), 0 left on base; Toledo 4 - Buckhead 5
BOTTOM OF THE 7TH
Buckhead Bowties batting - Pitching for Toledo Titans : RHP Burt Booth
Batting: RHB Dave King 0-0: Foul Ball, location: 2F
0-1: Ball
1-1: Foul Ball, location: 2F
1-2: Ground out U3 (Groundball, 3L)
Batting: LHB Neil Lawson 0-0: Called Strike
0-1: Foul Ball, location: 2F
0-2: Foul Ball, location: 2F
0-2: Ball
1-2: Ground out 3-1 (Groundball, 34)
Batting: RHB John Downing 0-0: Ball
1-0: Ball
2-0: Called Strike
2-1: Called Strike
2-2: Strikes out swinging
Bottom of the 7th over - 0 run(s), 0 hit(s), 0 error(s), 0 left on base; Toledo 4 - Buckhead 5
TOP OF THE 8TH
Toledo Titans batting - Pitching for Buckhead Bowties : LHP Chester Henry
Pinch Hitting: RHB Juan Ramos 0-0: Ball
1-0: Swinging Strike
1-1: Ground out 5-3 (Groundball, 56S)
Batting: RHB Brad Brown 0-0: Ball
1-0: Called Strike
1-1: Ball
2-1: Swinging Strike
2-2: Ball
3-2: Foul Ball, location: 2F
3-2: Strikes out looking
Batting: RHB Francisco Gonzáles 0-0: Called Strike
0-1: SINGLE (Line Drive, 4MD)
Pitching: RHP Mike Lyon
Batting: RHB Steve Ferguson 0-0: Fly out, F8 (Flyball, 8RM)
Top of the 8th over - 0 run(s), 1 hit(s), 0 error(s), 1 left on base; Toledo 4 - Buckhead 5
BOTTOM OF THE 8TH
Buckhead Bowties batting - Pitching for Toledo Titans : RHP Burt Booth
Pitching: RHP Ryoichi Maruyama
Batting: LHB Kenneth Chapman 0-0: Called Strike
0-1: Ball
1-1: Ball
2-1: Fly out, F8 (Flyball, 8RM)
Batting: LHB Tony Martínez 0-0: Ground out 4-3 (Groundball, 34)
Batting: RHB Pedro Morales 0-0: Ball
1-0: Ball
2-0: Ball
3-0: Base on Balls
Batting: RHB Domingo García 0-0: Ball
Pedro Morales is caught stealing 2nd base
Bottom of the 8th over - 0 run(s), 0 hit(s), 0 error(s), 0 left on base; Toledo 4 - Buckhead 5
TOP OF THE 9TH
Toledo Titans batting - Pitching for Buckhead Bowties : RHP Mike Lyon
Pitching: LHP Kevin Woods
Now in RF: Sinclair van Kooten
Batting: LHB Michael Greene 0-0: Called Strike
0-1: Foul Ball, location: 2F
0-2: Foul Ball, location: 2F
0-2: Ball
1-2: Fly out, F8 (Flyball, 8RM)
Batting: LHB Héctor Cortéz 0-0: Ball
1-0: Called Strike
1-1: SINGLE (Groundball, 34)
Batting: LHB Michael Neely 0-0: Ground out U3 (Groundball, 3S)
Héctor Cortéz to second
Batting: RHB Enrique Pérez 0-0: Swinging Strike
0-1: Ground out 6-3 (Groundball, 6)
Top of the 9th over - 0 run(s), 1 hit(s), 0 error(s), 1 left on base; Toledo 4 - Buckhead 5
This league is powered by Out of the Park Baseball, the baseball management simulation game for PC, Mac and Linux
Friday, October 23rd, 2015 - OOTP Baseball 16.9 Build 39